General information
- name: BNet
- type: Ladder team game (AT/RT)
- host: Battle.net
- saver: BEAR_AND
map: UpperKingdom
- players: 6
- length: 40:18
- speed: Fast
- version: 1.21 W3XP
- replay type:

» download(347 KB)
Players
team 1 (winner)
BEAR_AND (
orange | 117 APM | 4722 actions | 40:18)
7 Warden
3 Shadow Strike
3 Blink
1 Fan of Knives
» actions
| Assign group hotkey | 4 | |
| Basic commands | 4 | |
| Build / train | 82 | |
| Enter build submenu | 14 | |
| Enter hero's abilities submenu | 7 | |
| Remove unit from queue | 2 | |
| Right click | 2905 | |
| Select / deselect | 256 | |
| Select group hotkey | 1177 | |
| Use ability | 271 | |
4722 total
» units
» upgrades
| Ultravision | 1 | |
| Strength of the Wild | 3 | |
| Reinforced Hides | 3 | |
| Well Spring | 1 | |
| Nature's Blessing | 1 | |
| Corrosive Breath | 1 | |
10 total
» buildings
| Altar of Elders | 1 | |
| Moon Well | 4 | |
| Hunter's Hall | 1 | |
| Ancient of Wonders | 2 | |
| Tree of Ages | 1 | |
| Tree of Eternity | 1 | |
| Ancient of Wind | 1 | |
| Tree of Life | 2 | |
| Chimaera Roost | 1 | |
14 total
» build order
00:08 Altar of Elders
00:19 Moon Well
02:49 Moon Well
03:06 Hunter's Hall
05:45 Ancient of Wonders
06:08 Ancient of Wonders
06:34 Tree of Ages
09:32 Tree of Eternity
09:35 Ancient of Wind
10:01 Tree of Life
13:04 Chimaera Roost
17:28 Moon Well
17:29 Moon Well
24:37 Tree of Life
» items
| Healing Salve | 7 | |
| Lesser Clarity Potion | 13 | |
| Scroll of Speed | 1 | |
| Orb of Venom | 1 | |
| Staff of Preservation | 1 | |
| Scroll of Town Portal | 7 | |
| Scroll of Regeneration | 1 | |
31 total
iggy_the_fisk (
green | 131 APM | 5289 actions | 40:17)
4 Blademaster
2 Wind Walk
2 Critical Strike
4 Shadow Hunter
2 Hex
2 Healing Wave
» actions
| Assign group hotkey | 215 | |
| Basic commands | 10 | |
| Build / train | 112 | |
| Enter build submenu | 134 | |
| Enter hero's abilities submenu | 8 | |
| Give item / drop item | 2 | |
| Remove unit from queue | 24 | |
| Right click | 2962 | |
| Select / deselect | 454 | |
| Select group hotkey | 964 | |
| Use ability | 404 | |
5289 total
» units
» upgrades
» buildings
| Altar of Storms | 1 | |
| Orc Burrow | 4 | |
| War Mill | 1 | |
| Watch Tower | 105 | |
| Voodoo Lounge | 2 | |
| Great Hall | 2 | |
| Stronghold | 3 | |
| Fortress | 1 | |
| Beastiary | 2 | |
121 total
» build order
00:05 Altar of Storms
00:19 Orc Burrow
00:36 War Mill
01:49 Watch Tower
01:51 Watch Tower
02:21 Watch Tower
02:31 Watch Tower
02:51 Watch Tower
02:59 Watch Tower
03:05 Orc Burrow
03:19 Watch Tower
03:38 Watch Tower
04:14 Watch Tower
04:33 Watch Tower
04:36 Watch Tower
04:38 Voodoo Lounge
04:48 Voodoo Lounge
05:19 Watch Tower
05:30 Watch Tower
05:41 Watch Tower
05:43 Watch Tower
05:55 Watch Tower
06:22 Great Hall
07:01 Watch Tower
07:03 Watch Tower
07:09 Watch Tower
07:35 Stronghold
07:36 Stronghold
07:36 Stronghold
07:40 Watch Tower
07:42 Watch Tower
07:49 Watch Tower
07:50 Watch Tower
08:24 Watch Tower
08:26 Watch Tower
08:27 Watch Tower
08:32 Watch Tower
08:42 Watch Tower
08:51 Watch Tower
09:33 Watch Tower
09:38 Watch Tower
09:42 Watch Tower
09:45 Watch Tower
09:49 Watch Tower
09:56 Watch Tower
10:29 Fortress
10:56 Watch Tower
10:58 Watch Tower
11:00 Watch Tower
11:06 Watch Tower
11:08 Watch Tower
11:38 Watch Tower
11:40 Watch Tower
12:00 Watch Tower
12:09 Watch Tower
12:34 Watch Tower
12:50 Watch Tower
12:52 Watch Tower
13:09 Watch Tower
13:14 Watch Tower
13:19 Watch Tower
13:26 Beastiary
13:28 Beastiary
13:31 Orc Burrow
13:32 Orc Burrow
14:09 Watch Tower
14:55 Great Hall
15:03 Watch Tower
15:05 Watch Tower
15:10 Watch Tower
15:14 Watch Tower
17:00 Watch Tower
17:29 Watch Tower
17:47 Watch Tower
18:50 Watch Tower
19:24 Watch Tower
19:25 Watch Tower
20:20 Watch Tower
20:25 Watch Tower
21:26 Watch Tower
22:17 Watch Tower
22:18 Watch Tower
22:45 Watch Tower
22:59 Watch Tower
23:28 Watch Tower
23:31 Watch Tower
23:33 Watch Tower
23:34 Watch Tower
24:07 Watch Tower
24:10 Watch Tower
24:10 Watch Tower
24:24 Watch Tower
24:26 Watch Tower
25:09 Watch Tower
25:16 Watch Tower
25:45 Watch Tower
27:13 Watch Tower
28:25 Watch Tower
29:05 Watch Tower
30:13 Watch Tower
30:20 Watch Tower
30:21 Watch Tower
30:23 Watch Tower
31:29 Watch Tower
31:32 Watch Tower
31:52 Watch Tower
31:54 Watch Tower
32:39 Watch Tower
32:41 Watch Tower
32:58 Watch Tower
33:03 Watch Tower
35:21 Watch Tower
35:22 Watch Tower
36:48 Watch Tower
36:49 Watch Tower
37:03 Watch Tower
37:04 Watch Tower
38:19 Watch Tower
38:20 Watch Tower
39:14 Watch Tower
39:15 Watch Tower
» items
| Healing Salve | 5 | |
| Lesser Clarity Potion | 13 | |
| Orb of Lightning | 2 | |
| Scroll of Town Portal | 4 | |
| Potion of Healing | 3 | |
| Potion of Mana | 3 | |
| Staff of Sanctuary | 1 | |
31 total
TIMG4STRok (
teal | 91 APM | 3664 actions | 40:17)
5 Archmage
3 Blizzard
2 Brilliance Aura
4 Mountain King
2 Storm Bolt
2 Bash
» actions
| Assign group hotkey | 8 | |
| Basic commands | 41 | |
| Build / train | 156 | |
| ESC pressed | 3 | |
| Enter build submenu | 132 | |
| Enter hero's abilities submenu | 9 | |
| Give item / drop item | 1 | |
| Remove unit from queue | 3 | |
| Right click | 1780 | |
| Select / deselect | 409 | |
| Select group hotkey | 680 | |
| Use ability | 442 | |
3664 total
» units
| Peasant | 23 | |
| Dragonhawk Rider | 5 | |
28 total
» upgrades
| Masonry | 3 | |
| Lumber Harvesting | 2 | |
| Magic Sentry | 1 | |
| Animal War Training | 1 | |
| Armor | 3 | |
| Swords | 3 | |
| Cloud | 1 | |
14 total
» buildings
| Altar of Kings | 1 | |
| Lumber Mill | 1 | |
| Farm | 12 | |
| Scout Tower | 200 | |
| Arcane Tower | 5 | |
| Guard Tower | 82 | |
| Town Hall | 3 | |
| Keep | 1 | |
| Arcane Sanctum | 1 | |
| Barracks | 1 | |
| Arcane Vault | 3 | |
| Blacksmith | 1 | |
| Castle | 1 | |
| Gryphon Aviary | 2 | |
| Workshop | 7 | |
321 total
» build order
00:05 Altar of Kings
00:10 Lumber Mill
00:14 Farm
00:57 Scout Tower
01:01 Scout Tower
01:25 Arcane Tower
01:26 Scout Tower
01:29 Arcane Tower
01:31 Scout Tower
01:41 Farm
01:55 Scout Tower
01:56 Guard Tower
02:03 Guard Tower
02:03 Guard Tower
02:05 Scout Tower
02:35 Guard Tower
02:38 Guard Tower
03:04 Scout Tower
03:06 Scout Tower
03:36 Guard Tower
03:37 Scout Tower
03:40 Scout Tower
03:40 Guard Tower
03:56 Scout Tower
04:07 Guard Tower
04:07 Guard Tower
04:44 Guard Tower
04:49 Scout Tower
05:18 Town Hall
05:24 Guard Tower
05:26 Keep
05:29 Scout Tower
05:29 Scout Tower
05:30 Scout Tower
05:34 Guard Tower
05:36 Scout Tower
06:57 Guard Tower
06:59 Scout Tower
06:59 Scout Tower
07:00 Scout Tower
07:07 Guard Tower
07:08 Scout Tower
07:08 Scout Tower
07:09 Scout Tower
07:20 Farm
07:40 Scout Tower
07:43 Scout Tower
07:45 Scout Tower
07:47 Scout Tower
07:51 Scout Tower
08:39 Scout Tower
08:46 Arcane Sanctum
08:54 Guard Tower
08:56 Scout Tower
09:00 Guard Tower
09:01 Scout Tower
09:02 Scout Tower
09:17 Arcane Tower
09:18 Arcane Tower
09:18 Arcane Tower
09:32 Guard Tower
09:33 Guard Tower
09:36 Scout Tower
09:40 Scout Tower
09:41 Scout Tower
09:42 Scout Tower
10:00 Guard Tower
10:02 Scout Tower
10:02 Scout Tower
10:04 Scout Tower
10:04 Scout Tower
10:05 Scout Tower
10:07 Scout Tower
10:12 Guard Tower
10:13 Scout Tower
10:14 Scout Tower
10:16 Scout Tower
10:16 Scout Tower
10:17 Scout Tower
11:10 Scout Tower
11:13 Scout Tower
11:13 Scout Tower
11:16 Scout Tower
11:22 Guard Tower
11:25 Guard Tower
11:31 Barracks
11:34 Scout Tower
11:35 Scout Tower
11:35 Scout Tower
11:43 Guard Tower
11:47 Scout Tower
11:48 Scout Tower
11:48 Scout Tower
12:02 Guard Tower
12:14 Guard Tower
12:31 Guard Tower
13:07 Guard Tower
13:12 Arcane Vault
13:13 Arcane Vault
13:15 Guard Tower
13:18 Scout Tower
13:22 Scout Tower
13:28 Scout Tower
13:29 Scout Tower
13:30 Scout Tower
13:35 Guard Tower
14:03 Blacksmith
14:13 Guard Tower
14:16 Scout Tower
14:16 Scout Tower
14:17 Scout Tower
14:17 Scout Tower
14:18 Scout Tower
14:23 Scout Tower
14:33 Scout Tower
14:34 Scout Tower
14:35 Scout Tower
14:35 Scout Tower
15:11 Castle
16:04 Guard Tower
16:11 Gryphon Aviary
16:14 Gryphon Aviary
16:17 Guard Tower
16:46 Guard Tower
16:52 Scout Tower
16:53 Scout Tower
16:54 Scout Tower
16:55 Scout Tower
17:11 Guard Tower
17:15 Scout Tower
17:16 Scout Tower
17:17 Scout Tower
17:17 Scout Tower
17:20 Scout Tower
17:20 Scout Tower
17:21 Scout Tower
17:22 Scout Tower
17:23 Scout Tower
17:48 Farm
17:50 Farm
17:52 Farm
17:54 Farm
18:02 Farm
18:02 Farm
18:04 Farm
18:45 Guard Tower
18:52 Guard Tower
18:54 Scout Tower
18:55 Scout Tower
18:56 Scout Tower
18:56 Scout Tower
18:57 Scout Tower
18:57 Scout Tower
18:59 Scout Tower
18:59 Scout Tower
19:00 Scout Tower
19:00 Scout Tower
19:01 Scout Tower
19:01 Scout Tower
19:02 Scout Tower
19:11 Guard Tower
19:24 Guard Tower
19:38 Guard Tower
20:15 Guard Tower
20:21 Scout Tower
20:22 Scout Tower
20:36 Town Hall
20:44 Town Hall
21:06 Guard Tower
21:21 Scout Tower
21:22 Scout Tower
21:24 Scout Tower
21:25 Guard Tower
22:14 Guard Tower
22:26 Scout Tower
22:26 Scout Tower
22:27 Scout Tower
22:29 Guard Tower
22:59 Guard Tower
23:21 Guard Tower
23:58 Guard Tower
24:10 Guard Tower
24:16 Scout Tower
24:16 Scout Tower
24:17 Scout Tower
24:18 Scout Tower
24:20 Scout Tower
24:21 Scout Tower
24:22 Scout Tower
24:53 Guard Tower
24:59 Scout Tower
25:00 Scout Tower
25:01 Scout Tower
25:02 Scout Tower
25:07 Scout Tower
25:09 Scout Tower
25:10 Scout Tower
25:10 Scout Tower
25:11 Scout Tower
25:12 Scout Tower
25:22 Scout Tower
25:58 Scout Tower
25:59 Scout Tower
26:00 Scout Tower
26:40 Guard Tower
26:45 Guard Tower
26:50 Scout Tower
26:51 Scout Tower
26:52 Scout Tower
26:52 Scout Tower
26:53 Scout Tower
26:54 Scout Tower
26:57 Scout Tower
26:58 Scout Tower
26:59 Scout Tower
27:00 Scout Tower
27:00 Scout Tower
27:01 Scout Tower
27:09 Guard Tower
27:11 Scout Tower
27:12 Scout Tower
27:13 Scout Tower
27:13 Scout Tower
27:14 Scout Tower
27:15 Scout Tower
27:21 Guard Tower
27:22 Scout Tower
27:23 Scout Tower
27:24 Scout Tower
27:24 Scout Tower
27:30 Scout Tower
27:31 Scout Tower
27:32 Scout Tower
27:32 Scout Tower
27:33 Scout Tower
27:34 Scout Tower
27:35 Scout Tower
27:35 Scout Tower
27:37 Scout Tower
28:05 Guard Tower
28:10 Guard Tower
28:13 Guard Tower
28:21 Guard Tower
29:06 Guard Tower
29:08 Guard Tower
29:11 Guard Tower
29:13 Guard Tower
29:15 Scout Tower
29:15 Scout Tower
29:16 Scout Tower
29:17 Scout Tower
29:18 Scout Tower
29:19 Scout Tower
29:37 Guard Tower
29:49 Guard Tower
30:11 Scout Tower
30:11 Scout Tower
30:12 Scout Tower
30:12 Scout Tower
30:13 Scout Tower
30:13 Scout Tower
30:19 Guard Tower
30:21 Guard Tower
31:03 Arcane Vault
31:23 Guard Tower
31:36 Guard Tower
31:44 Guard Tower
31:50 Guard Tower
31:52 Scout Tower
31:53 Scout Tower
31:54 Scout Tower
31:54 Scout Tower
32:24 Guard Tower
32:44 Scout Tower
32:44 Scout Tower
32:46 Scout Tower
32:47 Scout Tower
33:45 Guard Tower
33:48 Scout Tower
33:49 Scout Tower
33:51 Scout Tower
33:52 Scout Tower
34:10 Guard Tower
34:13 Scout Tower
34:14 Scout Tower
34:15 Scout Tower
34:16 Scout Tower
34:16 Scout Tower
34:17 Scout Tower
34:20 Guard Tower
36:22 Guard Tower
36:51 Guard Tower
37:01 Scout Tower
37:09 Scout Tower
37:10 Scout Tower
37:11 Scout Tower
37:12 Scout Tower
37:13 Scout Tower
37:14 Scout Tower
37:15 Scout Tower
37:16 Scout Tower
37:17 Scout Tower
37:18 Scout Tower
37:31 Guard Tower
37:46 Guard Tower
38:05 Scout Tower
38:05 Scout Tower
38:24 Guard Tower
39:00 Guard Tower
40:00 Workshop
40:01 Workshop
40:02 Workshop
40:03 Workshop
40:05 Workshop
40:05 Workshop
40:12 Workshop
40:13 Farm
40:13 Farm
» items
| Healing Salve | 1 | |
| Lesser Clarity Potion | 3 | |
| Staff of Sanctuary | 2 | |
| Scroll of Town Portal | 1 | |
| Orb of Lightning | 2 | |
| Scroll of Regeneration | 2 | |
11 total
team 2 (loser)
dav1d. (
purple | 95 APM | 3761 actions | 39:34)
4 Blademaster
2 Wind Walk
2 Critical Strike
2 Shadow Hunter
2 Healing Wave
» actions
| Assign group hotkey | 74 | |
| Basic commands | 5 | |
| Build / train | 94 | |
| Enter build submenu | 23 | |
| Enter hero's abilities submenu | 7 | |
| Give item / drop item | 1 | |
| Remove unit from queue | 3 | |
| Right click | 1874 | |
| Select / deselect | 592 | |
| Select group hotkey | 942 | |
| Use ability | 146 | |
3761 total
» units
| Peon | 26 | |
| Grunt | 4 | |
| Raider | 4 | |
| Demolisher | 16 | |
| Kodo Beast | 1 | |
| Troll Batrider | 11 | |
62 total
» upgrades
| Berserker Strength | 1 | |
| Ensnare | 2 | |
| Ranged Weapons | 3 | |
| Melee Weapons | 1 | |
| Burning Oil | 1 | |
| War Drums Damage Increase | 1 | |
| Armor | 1 | |
10 total
» buildings
| Altar of Storms | 1 | |
| Orc Burrow | 7 | |
| Barracks | 1 | |
| Voodoo Lounge | 1 | |
| Stronghold | 1 | |
| Beastiary | 2 | |
| Great Hall | 3 | |
| War Mill | 1 | |
| Fortress | 1 | |
| Watch Tower | 5 | |
23 total
» build order
00:06 Altar of Storms
00:19 Orc Burrow
00:37 Barracks
01:34 Orc Burrow
02:47 Voodoo Lounge
03:23 Stronghold
05:44 Orc Burrow
05:47 Beastiary
05:56 Great Hall
05:58 Great Hall
07:17 War Mill
09:51 Orc Burrow
11:52 Fortress
14:00 Orc Burrow
14:02 Orc Burrow
14:05 Orc Burrow
17:37 Watch Tower
17:39 Watch Tower
20:23 Beastiary
22:28 Watch Tower
23:02 Watch Tower
23:42 Watch Tower
31:18 Great Hall
» items
| Scroll of Speed | 1 | |
| Lesser Clarity Potion | 2 | |
| Healing Salve | 2 | |
5 total
m1key. (
blue | 92 APM | 3721 actions | 40:16)
6 Death Knight
3 Death Coil
2 Unholy Aura
1 Animate Dead
4 Dreadlord
2 Sleep
2 Carrion Swarm
» actions
| Assign group hotkey | 51 | |
| Basic commands | 175 | |
| Build / train | 81 | |
| Enter build submenu | 36 | |
| Enter hero's abilities submenu | 11 | |
| Give item / drop item | 2 | |
| Remove unit from queue | 5 | |
| Right click | 2078 | |
| Select / deselect | 359 | |
| Select group hotkey | 721 | |
| Use ability | 202 | |
3721 total
» units
| Acolyte | 20 | |
| Ghoul | 10 | |
| Crypt Fiend | 6 | |
| Frost Wyrm | 10 | |
46 total
» upgrades
| Web | 1 | |
| Creature Attack | 3 | |
| Creature Carapace | 1 | |
| Freezing Breath | 1 | |
6 total
» buildings
| Graveyard | 2 | |
| Crypt | 1 | |
| Ziggurat | 18 | |
| Altar of Darkness | 1 | |
| Nerubian Tower | 1 | |
| Tomb of Relics | 1 | |
| Halls of the Dead | 1 | |
| Necropolis | 2 | |
| Spirit Tower | 6 | |
| Black Citadel | 1 | |
| Sacrificial Pit | 1 | |
| Boneyard | 4 | |
| Slaughterhouse | 2 | |
41 total
» build order
00:06 Graveyard
00:13 Crypt
00:39 Ziggurat
00:57 Altar of Darkness
01:33 Nerubian Tower
02:23 Ziggurat
02:25 Ziggurat
02:33 Tomb of Relics
04:49 Halls of the Dead
05:04 Ziggurat
05:47 Ziggurat
07:10 Ziggurat
10:20 Necropolis
10:24 Ziggurat
11:18 Spirit Tower
11:20 Ziggurat
11:23 Ziggurat
11:25 Ziggurat
13:07 Black Citadel
13:23 Graveyard
14:14 Ziggurat
14:17 Spirit Tower
14:18 Spirit Tower
14:18 Spirit Tower
14:44 Sacrificial Pit
15:18 Spirit Tower
15:41 Boneyard
15:42 Boneyard
15:43 Boneyard
15:44 Boneyard
18:25 Slaughterhouse
18:27 Slaughterhouse
19:33 Ziggurat
19:34 Ziggurat
19:35 Ziggurat
19:37 Ziggurat
19:37 Ziggurat
19:39 Ziggurat
19:39 Ziggurat
21:25 Spirit Tower
22:32 Necropolis
» items
| Rod of Necromancy | 2 | |
| Scroll of Town Portal | 1 | |
| Potion of Healing | 3 | |
6 total
pen15-club (
red | 95 APM | 3770 actions | 39:35)
6 Demon Hunter
3 Mana Burn
2 Evasion
1 Metamorphosis
» actions
| Assign group hotkey | 11 | |
| Basic commands | 261 | |
| Build / train | 104 | |
| Enter build submenu | 28 | |
| Enter hero's abilities submenu | 6 | |
| Give item / drop item | 1 | |
| Remove unit from queue | 9 | |
| Right click | 2191 | |
| Select / deselect | 754 | |
| Select group hotkey | 206 | |
| Use ability | 199 | |
3770 total
» units
| Wisp | 35 | |
| Huntress | 3 | |
| Dryad | 8 | |
| Mountain Giant | 1 | |
| Hippogryph | 9 | |
| Druid of the Claw | 4 | |
| Archer | 1 | |
| Chimaera | 2 | |
63 total
» upgrades
| Reinforced Hides | 2 | |
| Hardened Skin | 1 | |
| Druid of the Claw Training | 2 | |
| Strength of the Wild | 1 | |
| Improved Bows | 1 | |
| Corrosive Breath | 1 | |
| Nature's Blessing | 1 | |
9 total
» buildings
| Altar of Elders | 1 | |
| Moon Well | 6 | |
| Hunter's Hall | 1 | |
| Ancient of War | 2 | |
| Tree of Ages | 3 | |
| Ancient of Wonders | 2 | |
| Ancient of Lore | 2 | |
| Tree of Eternity | 1 | |
| Ancient of Wind | 2 | |
| Tree of Life | 2 | |
| Ancient Protector | 5 | |
| Chimaera Roost | 3 | |
30 total
» build order
00:08 Altar of Elders
00:19 Moon Well
01:38 Hunter's Hall
01:45 Ancient of War
02:03 Moon Well
02:15 Ancient of War
03:11 Tree of Ages
03:12 Tree of Ages
03:12 Tree of Ages
03:36 Moon Well
03:48 Ancient of Wonders
03:51 Ancient of Wonders
05:39 Ancient of Lore
05:40 Ancient of Lore
06:26 Moon Well
08:24 Tree of Eternity
11:59 Moon Well
12:02 Moon Well
13:03 Ancient of Wind
13:05 Ancient of Wind
14:22 Tree of Life
18:53 Ancient Protector
18:54 Ancient Protector
18:54 Ancient Protector
18:55 Ancient Protector
18:59 Ancient Protector
23:23 Chimaera Roost
23:24 Chimaera Roost
23:25 Chimaera Roost
29:15 Tree of Life
» items
| Staff of Preservation | 1 | |
| Potion of Healing | 2 | |
| Dust of Appearance | 1 | |
| Scroll of Town Portal | 3 | |
| Orb of Venom | 1 | |
| Anti-magic Potion | 1 | |
9 total
Chat log
(00:44 / All) m1key.: lol
(00:50 / All) iggy_the_fisk: sup
(00:56 / All) iggy_the_fisk: u any good?
(01:01 / All) pen15-club: sup
(01:02 / All) m1key.: black dick good
(01:05 / All) pen15-club: u any gud?
(01:12 / All) iggy_the_fisk: lol
(01:13 / Allies) iggy_the_fisk: we rank 1
(01:18 / All) iggy_the_fisk: we rank 2
(01:23 / All) pen15-club: lol we rand 2
(01:24 / All) iggy_the_fisk: they call me razor
(01:28 / All) iggy_the_fisk: I make your balls silky smooth babe
(01:28 / All) pen15-club: call me RXE
(02:27 / All) BEAR_AND: nope no tree deny
(38:21 / All) iggy_the_fisk: howareu
(38:24 / All) BEAR_AND: gl hf
(38:25 / All) pen15-club: bored
(38:28 / All) TIMG4STRok: ROFL!
(38:32 / All) dav1d.: good times
(38:33 / All) BEAR_AND: http://highper.ch/ for all replays of noobs like u losing to us
(38:34 / All) TIMG4STRok: Bored of lose?
(38:42 / All) pen15-club: k
(38:45 / All) m1key.: english > you?
(38:52 / All) BEAR_AND: towers > you?
(38:59 / All) m1key.: zzzzzzzzzzz
(39:39 / All) TIMG4STRok: rofls
(39:46 / All) TIMG4STRok: bye bitch
(39:53 / All) m1key.: lol.
(39:58 / All) iggy_the_fisk: lol big surprise
(39:59 / All) m1key.: strat work if we had 1 human?
(40:05 / All) iggy_the_fisk: always biggest noob AKA ud that stays
(40:10 / All) iggy_the_fisk: always work if you have 3 noob
(40:10 / All) m1key.: right
(40:13 / All) m1key.: please
(40:15 / All) BEAR_AND: u have not killed ONE chimaera